AoeStats
← Jazzmushroom

Arena

508734918Analyzed
4v4 RM · 8d ago on Sep 23, 2026· 40m 51s· 8 players
Game mode
Random Map
Map size
Large (8 player)
Population
200
Speed
Normal
Resources
Standard
Victory
Conquest
Starting age
Dark Age
Ending age
Imperial Age
RankedLock teamsTeams togetherTeam positionsShared explorationLock speedFull tech treeHidden civsTurbo modeCheats
Victory
Defeat
🇫🇷 Khmer · France
1427
+13
🇮🇪 Huns · Ireland
1331
+16
🇦🇷 Danes · Argentina
1298
+18
🇨🇦 Saxons · Canada
1208
+21
🇳🇱 Mongols · Netherlands
1391
-19
🇩🇪 Danes · Germany
1336
-17
🇧🇩 Turks · Bangladesh
1321
-16
🇺🇸 Varangians · United States
1308
-16
Creed
10:22 Feudal Age
14:12 Castle Age
12:32 Double-Bit Axe
12:27 Horse Collar
15:12 Bow Saw
15:07 Heavy Plow
26:07 Gold Mining
26:07 Stone Mining
29:36 Wheelbarrow
28:46 Loom
29:38 Forging
32:20 Imperial Age
31:07 Gold Shaft Mining
31:07 Stone Shaft Mining
32:19 Iron Casting
31:45 Scale Mail Armor
32:25 Elite Jomsviking
32:29 Northmen's Fury
32:33 Onager
34:15 Blast Furnace
33:30 Chain Mail Armor
33:43 Gambesons
33:59 Squires
33:44 Arson
34:29 Ballistics
34:35 Hamask
35:45 Elite Jomsviking
38:46 Plate Mail Armor
40:21 Siege Engineers
Jazzmushroom
10:40 Feudal Age
14:58 Castle Age
12:58 Double-Bit Axe
13:14 Horse Collar
16:34 Bow Saw
17:39 Heavy Plow
18:25 Wheelbarrow
20:37 Hand Cart
24:32 Gold Mining
25:10 Stone Mining
25:52 Forging
25:43 Scale Mail Armor
26:12 Loom
26:14 Town Watch
29:23 Imperial Age
28:08 Iron Casting
27:49 Chain Mail Armor
28:21 Gambesons
28:39 Squires
28:25 Arson
29:53 Capped Ram
29:59 Gothikon
31:18 Plate Mail Armor
31:33 Conscription
32:03 Crop Rotation
32:30 Elite Varangian Guard
33:10 Siege Ram
37:00 Blast Furnace
BuildDisorder [2]
9:40 Feudal Age
9:49 Feudal Age
14:02 Castle Age
11:51 Double-Bit Axe
11:50 Horse Collar
14:59 Bow Saw
23:16 Wheelbarrow
22:54 Heavy Plow
23:48 Stone Mining
23:48 Gold Mining
24:37 Hand Cart
24:22 Loom
28:00 Imperial Age
26:28 Scale Barding Armor
26:14 Fletching
26:25 Padded Archer Armor
27:28 Gold Shaft Mining
27:22 Ballistics
27:50 Chain Barding Armor
28:25 Bloodlines
28:15 Husbandry
30:08 Chemistry
29:05 Bodkin Arrow
29:26 Leather Archer Armor
29:19 Siege Engineers
30:15 Bracer
30:17 Onager
31:31 Conscription
30:37 Elite Mangudai
33:52 Fortified Wall
35:05 Murder Holes
Gunslinger
11:05 Feudal Age
11:59 Double-Bit Axe
15:40 Castle Age
17:49 Bow Saw
17:38 Horse Collar
19:34 Loom
25:46 Wheelbarrow
26:23 Heavy Plow
26:15 Stone Mining
26:17 Gold Mining
27:27 Hand Cart
29:01 Gold Shaft Mining
32:57 Imperial Age
34:54 Elite Janissary
37:08 Two-Man Saw
36:03 Fletching
36:13 Padded Archer Armor
37:00 Bodkin Arrow
38:39 Bracer
38:55 Leather Archer Armor
39:49 Ballistics
39:51 Bombard Tower
EweRwoRld
11:50 Feudal Age
13:31 Loom
16:08 Castle Age
14:26 Double-Bit Axe
23:36 Wheelbarrow
23:00 Horse Collar
23:37 Bow Saw
25:10 Heavy Plow
26:36 Hand Cart
28:04 Stone Mining
28:06 Gold Mining
31:44 Imperial Age
30:38 Marauders
30:45 Town Watch
31:56 Gold Shaft Mining
31:37 Forging
31:34 Scale Barding Armor
32:50 Bloodlines
32:44 Husbandry
33:49 Conscription
33:24 Elite Tarkan
36:08 Chain Barding Armor
36:24 Iron Casting
37:36 Plate Barding Armor
Dedpool_Aoe
9:30 Feudal Age
12:47 Castle Age
11:31 Double-Bit Axe
12:35 Horse Collar
17:38 Heavy Plow
18:24 Bow Saw
19:53 Wheelbarrow
20:50 Hand Cart
28:44 Imperial Age
28:49 Bloodlines
28:42 Husbandry
29:11 Ballistics
29:04 Scale Barding Armor
29:11 Forging
28:53 Elite Battle Elephant
30:35 Chain Barding Armor
31:03 Iron Casting
30:24 Capped Ram
31:37 Gold Mining
33:10 Plate Barding Armor
32:13 Siege Ram
34:05 Blast Furnace
37:06 Double Crossbow
37:10 Tusk Swords
38:44 Loom
DM99
10:56 Feudal Age
11:04 Loom
15:37 Castle Age
13:58 Double-Bit Axe
15:34 Loom
16:48 Squires
16:35 Gambesons
16:57 Scale Mail Armor
16:48 Arson
17:02 Horse Collar
17:14 Gold Mining
22:28 Chain Mail Armor
27:28 Wheelbarrow
31:14 Imperial Age
29:10 Bow Saw
29:47 Heavy Plow
32:06 Elite Varangian Guard
35:04 Forging
36:02 Plate Mail Armor
40:40 Forging
Golozo
7:20 Loom
12:21 Feudal Age
13:28 Double-Bit Axe
13:26 Horse Collar
16:46 Castle Age
15:06 Scale Mail Armor
17:55 Chain Mail Armor
17:59 Bow Saw
18:31 Squires
21:27 Wheelbarrow
25:24 Hand Cart
27:49 Redemption
28:09 Town Watch
31:15 Forging
30:43 Man-at-Arms
32:52 Arson
35:43 Imperial Age
35:04 Iron Casting
34:22 Gold Mining
34:23 Stone Mining
34:25 Gambesons
34:00 Long Swordsman
35:26 Hamask
36:05 Two-Handed Swordsman
36:07 Elite Varangian Guard
37:41 Capped Ram
37:54 Champion
40:06 Plate Mail Armor
40:37 Blast Furnace
39:40 Padded Archer Armor
39:30 Fletching
Connection lost

Rejoining the realm…

Still unreachable

The connection could not be restored.

Session expired

The server has moved on; the page needs a fresh start.